[ AOE2 MATCH · #484668985 ]
UnrankedBulgarians vs Teutons
[ REPLAY ANALYSIS · EXTRACTED FROM THE RECORDED GAME ]
Feudal
12:48
Castle
—
Imperial
—
| APM avg | 32.0 |
| APM peak | 60 |
| eAPM avg | 11.3 |
| Villagers / military | 27 / 11 |
Focus
⚔️ 38.9% · 🌾 61.1%
Militia ×7 · Scout Cavalry ×4
Feudal
—
Castle
—
Imperial
—
| APM avg | 49.1 |
| APM peak | 86 |
| eAPM avg | 6.8 |
| Villagers / military | 28 / 2 |
Focus
⚔️ 4.9% · 🌾 95.1%
Spearman ×2
Feudal
14:32
Castle
—
Imperial
—
| APM avg | 10.9 |
| APM peak | 23 |
| eAPM avg | 6.7 |
| Villagers / military | 22 / 4 |
Focus
⚔️ 11.7% · 🌾 88.3%
Militia ×4
Feudal
—
Castle
—
Imperial
—
| APM avg | 10.1 |
| APM peak | 71 |
| eAPM avg | 3.2 |
| Villagers / military | 13 / 0 |
Focus
⚔️ 15.2% · 🌾 84.8%
Match map
Initial resources + every placement click. Lines = walls · curves = elevation contours. ◆ gold · ⬟ stone · ● berries · ✦ relic · ◌ wall gap
Your base· Open — unwalled flank
AMSHERA's base· Open — unwalled flank
salvabdel's base· Open — unwalled flank
Cardboard's base· Open — unwalled flank
Smoothed initial terrain · ◌ = detected wall gap · hover for details
Inputs per minute
— fukencioe - - AMSHERA
Build order — fukencioe
65 actions detected in the replay
| 0:07 | Build | House |
| 0:08 | Build | House |
| 0:18 | Create | Villager (Male) |
| 0:18 | Create | Villager (Male) |
| 0:19 | Create | Villager (Male) |
| 0:19 | Create | Villager (Male) |
| 0:19 | Create | Villager (Male) |
| 1:52 | Create | Villager (Male) |
| 1:52 | Create | Villager (Male) |
| 1:52 | Create | Villager (Male) |
| 3:26 | Build | Barracks |
| 3:48 | Create | Villager (Male) |
| 3:48 | Create | Villager (Male) |
| 3:48 | Create | Villager (Male) |
| 3:48 | Create | Villager (Male) |
| 3:49 | Create | Villager (Male) |
| 3:49 | Create | Villager (Male) |
| 5:17 | Create | Villager (Male) |
| 5:18 | Create | Villager (Male) |
| 5:22 | Build | House |
| 5:23 | Build | House |
| 5:35 | Build | Lumber Camp |
| 6:01 | Create | Villager (Male) |
| 7:28 | Build | Mill |
| 7:36 | Create | Villager (Male) |
| 7:37 | Create | Villager (Male) |
| 7:38 | Create | Villager (Male) |
| 7:38 | Create | Villager (Male) |
| 8:59 | Create | Villager (Male) |
| 9:00 | Create | Villager (Male) |
| 9:21 | Build | Mining Camp |
| 9:31 | Build | Farm |
| 9:31 | Build | Farm |
| 9:32 | Build | Farm |
| 9:32 | Build | Farm |
| 10:38 | Research | Feudal Age |
| 10:45 | Build | Barracks |
| 11:09 | Build | House |
| 11:12 | Build | House |
| 11:40 | Build | House |
| 11:48 | Create | Militia |
| 11:49 | Create | Militia |
| 11:49 | Create | Militia |
| 11:57 | Create | Militia |
| 11:59 | Create | Militia |
| 12:23 | Create | Militia |
| 12:24 | Create | Militia |
| 12:48 | Age | Feudal Age |
| 13:50 | Build | Stable |
| 13:55 | Create | Villager (Male) |
| 13:55 | Create | Villager (Male) |
| 13:56 | Create | Villager (Male) |
| 13:56 | Create | Villager (Male) |
| 15:23 | Build | House |
| 15:25 | Build | House |
| 15:27 | Build | House |
| 15:38 | Build | Market |
| 15:43 | Create | Scout Cavalry |
| 15:43 | Create | Scout Cavalry |
| 15:44 | Create | Scout Cavalry |
| 15:44 | Create | Scout Cavalry |
| 16:09 | Build | Farm |
| 16:09 | Build | Farm |
| 16:09 | Build | Farm |
| 16:10 | Build | Farm |
Build order — AMSHERA
50 actions detected in the replay
| 0:01 | Create | Villager (Male) |
| 0:02 | Create | Villager (Male) |
| 0:04 | Build | House |
| 0:06 | Build | House |
| 0:07 | Create | Villager (Male) |
| 0:07 | Create | Villager (Male) |
| 1:39 | Create | Villager (Male) |
| 2:34 | Create | Villager (Male) |
| 2:34 | Create | Villager (Male) |
| 2:55 | Build | Lumber Camp |
| 3:00 | Create | Villager (Male) |
| 3:00 | Create | Villager (Male) |
| 3:44 | Create | Villager (Male) |
| 4:39 | Build | House |
| 4:58 | Create | Villager (Male) |
| 4:58 | Create | Villager (Male) |
| 5:04 | Create | Villager (Male) |
| 5:25 | Create | Villager (Male) |
| 5:25 | Create | Villager (Male) |
| 6:10 | Create | Villager (Male) |
| 6:21 | Create | Villager (Male) |
| 6:25 | Build | House |
| 7:27 | Create | Villager (Male) |
| 7:40 | Build | Mill |
| 8:24 | Create | Villager (Male) |
| 8:24 | Create | Villager (Male) |
| 8:24 | Create | Villager (Male) |
| 8:49 | Build | Mill |
| 9:20 | Research | Feudal Age |
| 10:18 | Create | Villager (Male) |
| 10:39 | Create | Villager (Male) |
| 10:51 | Build | Barracks |
| 10:59 | Build | House |
| 11:16 | Create | Villager (Male) |
| 11:25 | Build | Mining Camp |
| 11:40 | Build | House |
| 11:42 | Build | House |
| 12:11 | Create | Spearman |
| 12:11 | Create | Spearman |
| 12:23 | Research | Loom |
| 12:26 | Create | Villager (Male) |
| 12:29 | Research | Double-Bit Axe |
| 13:00 | Build | Lumber Camp |
| 13:45 | Create | Villager (Male) |
| 13:50 | Build | Farm |
| 14:08 | Build | Watch Tower |
| 14:36 | Build | Palisade Wall |
| 15:37 | Build | Watch Tower |
| 15:42 | Create | Villager (Male) |
| 15:43 | Create | Villager (Male) |
Build order — salvabdel
49 actions detected in the replay
| 0:23 | Build | House |
| 0:40 | Create | Villager (Male) |
| 0:41 | Create | Villager (Male) |
| 0:41 | Create | Villager (Male) |
| 0:41 | Create | Villager (Male) |
| 0:41 | Create | Villager (Male) |
| 1:07 | Build | House |
| 1:09 | Build | House |
| 1:14 | Build | House |
| 2:16 | Create | Villager (Male) |
| 2:52 | Create | Villager (Male) |
| 2:52 | Create | Villager (Male) |
| 3:04 | Build | Lumber Camp |
| 3:29 | Create | Villager (Male) |
| 3:57 | Create | Villager (Male) |
| 4:07 | Create | Villager (Male) |
| 4:49 | Create | Villager (Male) |
| 4:49 | Create | Villager (Male) |
| 6:22 | Create | Villager (Male) |
| 6:24 | Create | Villager (Male) |
| 8:08 | Build | Barracks |
| 8:27 | Build | Mill |
| 8:44 | Build | Barracks |
| 8:54 | Create | Villager (Male) |
| 10:15 | Create | Villager (Male) |
| 10:16 | Create | Villager (Male) |
| 10:16 | Create | Villager (Male) |
| 10:17 | Create | Villager (Male) |
| 10:50 | Build | Mining Camp |
| 11:20 | Build | Palisade Wall |
| 11:32 | Create | Villager (Male) |
| 11:32 | Create | Villager (Male) |
| 11:47 | Research | Feudal Age |
| 12:05 | Build | House |
| 12:08 | Build | House |
| 12:09 | Build | House |
| 12:14 | Build | House |
| 12:15 | Build | House |
| 12:43 | Build | House |
| 13:14 | Build | Farm |
| 13:15 | Build | Farm |
| 13:17 | Build | Farm |
| 13:18 | Build | Farm |
| 13:19 | Build | Farm |
| 13:21 | Build | Farm |
| 13:23 | Build | Farm |
| 13:36 | Build | Farm |
| 14:27 | Create | Militia ×4 |
| 14:32 | Age | Feudal Age |
Build order — Cardboard
13 actions detected in the replay
| 0:02 | Build | House |
| 0:04 | Build | House |
| 0:05 | Create | Villager (Male) |
| 0:05 | Create | Villager (Male) |
| 0:05 | Create | Villager (Male) |
| 0:06 | Create | Villager (Male) |
| 0:20 | Research | Loom |
| 0:21 | Create | Villager (Male) ×3 |
| 0:21 | Create | Villager (Male) ×3 |
| 2:00 | Create | Villager (Male) |
| 2:32 | Create | Villager (Male) ×2 |
| 3:09 | Build | Mule Cart |
| 3:17 | Build | House |
Match timeline
| 3:26 | fukencioe · first_building Barracks |
| 4:33 | Cardboard · resign |
| 8:08 | salvabdel · first_building Barracks |
| 10:51 | AMSHERA · first_building Barracks |
| 11:20 | salvabdel · wall_segment Palisade Wall x1 |
| 12:48 | fukencioe · age_up feudal |
| 13:50 | fukencioe · first_building Stable |
| 14:32 | salvabdel · age_up feudal |
| 14:36 | AMSHERA · wall_segment Palisade Wall x1 |
[ AI ANALYSIS · 1 CREDIT ]
What really happened in this match?
Wolo.gg analyzes every decision: build order, eco, micro, common mistakes by bracket. Personalized analysis on WhatsApp or Discord in 30 seconds.
Civ guide
Bulgarians
Perfil
Jugador #20374699